 Dungeon Crawl Stone Soup version 0.18.1-47-g9310371 (webtiles) character file.

5691 StraightJacket the Blocker (level 10, 0/91 HPs)
             Began as a Minotaur Fighter on June 15, 2016.
             Was a Priest of Elyvilon.
             Succumbed to a killer bee's poison
             ... on level 9 of the Dungeon.
             The game lasted 00:38:42 (8320 turns).

StraightJacket the Blocker (Minotaur Fighter)       Turns: 8320, Time: 00:38:42

Health: 0/91       AC: 12    Str: 25    XL:     10   Next: 47%
Magic:  7/9        EV: 12    Int:  5    God:    Elyvilon [***...]
Gold:   371        SH: 13    Dex:  9    Spells: 0 memorised, 9 levels left

rFire  x . .     SeeInvis .     a - +1 war axe
rCold  + + .     Gourm    .     J - +2 ring mail {rC+}
rNeg   . . .     Faith    .     w - +1 shield {reflect}
rPois  .         Spirit   +     d - +2 hat
rElec  .         Dismiss  .     (no cloak)
rCorr  .         Reflect  +     h - +0 pair of gloves
SustAt .         Harm     .     (no boots)
MR     .....                    v - amulet of guardian spirit
Stlth  +.........               (no ring)
                                k - ring of ice

@: lethally poisoned (0 -> -9), not resistant to hostile enchantments, very
unstealthy
A: retaliatory headbutt, horns 2
a: Lesser Healing, Heal Other, Purification, Divine Protection, Renounce
Religion


You were on level 9 of the Dungeon.
You worshipped Elyvilon.
Elyvilon was most pleased with you.
You were not hungry.

You visited 1 branch of the dungeon, and saw 9 of its levels.

You collected 371 gold pieces.

Inventory:

Hand Weapons
 a - a +1 war axe (weapon)
 m - a +0 hunting sling
 G - a +4 hunting sling of freezing
 H - a +0 quarterstaff of crushing
Missiles
 n - 227 stones (quivered)
 A - 4 tomahawks
 I - 28 sling bullets
Armour
 c - a +0 chain mail
 d - a +2 hat (worn)
 h - a +0 pair of gloves (worn)
 r - a +0 large shield {Shield!}
 w - a +1 shield of reflection (worn)
 J - a +2 ring mail of cold resistance (worn)
Jewellery
 k - a ring of ice (left hand)
 v - an amulet of guardian spirit (around neck)
 y - an uncursed amulet of dismissal
Wands
 F - a wand of digging (6/24)
Scrolls
 b - a scroll of teleportation {unknown}
 j - a scroll of recharging
 o - a scroll of remove curse {unknown}
 p - 3 scrolls of enchant weapon
 q - 3 scrolls of identify
 s - a scroll of immolation {unknown}
 u - a scroll of fear {unknown}
 z - a scroll of holy word {unknown}
 B - 2 scrolls of magic mapping
Potions
 e - a potion of invisibility
 g - a potion of flight {unknown}
 i - a potion of agility {unknown}
 x - a potion of degeneration {unknown}
Comestibles
 f - a bread ration
 C - a beef jerky
 D - 2 fruits
 E - a meat ration


   Skills:
 + Level 9.2 Fighting
 + Level 9.2 Axes
 + Level 1.1 Throwing
 + Level 8.7 Armour
 + Level 6.3 Dodging
 + Level 1.0 Stealth
 + Level 10.0 Shields
 + Level 0.4 Invocations


You had 9 spell levels left.
You didn't know any spells.

Dungeon Overview and Level Annotations

Branches:
Dungeon (9/15)             Temple (0/1) D:4
   Lair: D:8-11         Orc: D:9-12

Altars:
Elyvilon
Makhleb
Okawaru
Qazlal
Trog
Vehumet

Shops:
D:4 (


Innate Abilities, Weirdness & Mutations

You reflexively headbutt those who attack you in melee.
You have a pair of horns on your head.


Message History

You miss the killer bee.
The killer bee is severely wounded.
* * * LOW HITPOINT WARNING * * *
You feel sick. The killer bee stings you.
* * * LOW HITPOINT WARNING * * *
You are more poisoned.
The killer bee poisons you! You block the killer bee's attack.
You slash the killer bee!
You kill the killer bee!
* * * LOW HITPOINT WARNING * * *
You feel sick. The killer bee closely misses you. You furiously retaliate!
You headbutt the killer bee. The killer bee closely misses you.
You furiously retaliate!
You headbutt the killer bee.
* * * LOW HITPOINT WARNING * * *
You feel sick. The killer bee barely misses you.
Drink which item? (? for menu, Esc to quit)
It was a potion of cancellation.
Your magical contamination has completely faded away.
You feel magically purged.
You die...

..y...........# ..
..... #yy.#...#.#####..
.....#
#...#...#........
.....# #...#..
#....##+# .....# #...#.
#....# .....#####...#.
+....# .............#
#....#
.............#####....#
..............yy@†....#
..............######..#
..............# #..#
.....#######..# #..#
.....'.....#..# #...
.....#.....#..# #....
.#####.....#..# #.....
.#.........#..# ......
#.........#..#


You could see 2 killer bees.

Vanquished Creatures
  Gastronok (D:8)
  Joseph (D:8)
  A queen bee (D:9)
  A two-headed ogre (D:7)
  Prince Ribbit (D:8)
  2 hippogriffs
  Menkaure (D:4)
  An orc warrior (D:8)
  3 sky beasts
  4 ogres
  The ghost of Wardy2 the Magician, an amateur HEIE (D:3)
  2 giant frogs
  A gnoll sergeant (D:7)
  A water moccasin zombie (D:8)
  4 scorpions
  11 killer bees (D:9)
  A water moccasin skeleton (D:7)
  2 wights (D:7)
  3 crimson imps
  3 jellies
  7 hounds
  A centaur zombie (D:8)
  A centaur skeleton (D:7)
  2 iguanas
  8 orc wizards
  2 worker ants
  Robin (D:2)
  6 gnolls
  A howler monkey skeleton (D:5)
  4 adders
  3 oozes
  3 adder skeletons
  5 worms
  A dart slug (D:1)
  6 giant geckos
  27 orcs
  2 ball pythons
  2 giant cockroaches
  16 goblins
  11 hobgoblins
  3 jackals (D:5)
  7 quokkas
  4 bats
  3 giant newts
  7 kobolds
  A quokka skeleton (D:4)
  3 rats
182 creatures vanquished.

Vanquished Creatures (others)
  A quokka (D:6)
1 creature vanquished.

Grand Total: 183 creatures vanquished

Notes
Turn   | Place    | Note
--------------------------------------------------------------
     0 | D:1      | StraightJacket the Minotaur Fighter began the quest for the Orb.
     0 | D:1      | Reached XP level 1. HP: 19/19 MP: 0/0
    76 | D:1      | Reached skill level 4 in Shields
   116 | D:1      | Reached XP level 2. HP: 27/27 MP: 1/1
   530 | D:2      | Noticed Robin
   546 | D:2      | Reached XP level 3. HP: 30/33 MP: 2/2
   559 | D:2      | Killed Robin
   774 | D:2      | Reached skill level 1 in Dodging
   914 | D:2      | Found an iron altar of Okawaru.
  1106 | D:2      | Reached XP level 4. HP: 40/40 MP: 3/3
  1407 | D:3      | Noticed Wardy2's ghost (amateur HEIE)
  1417 | D:3      | Killed Wardy2's ghost
  1417 | D:3      | Reached XP level 5. HP: 29/47 MP: 4/4
  1894 | D:3      | Found a radiant altar of Vehumet.
  1894 | D:3      | Found a white marble altar of Elyvilon.
  1902 | D:3      | Became a worshipper of Elyvilon the Healer
  2402 | D:4      | Noticed an ogre
  2407 | D:4      | Killed an ogre
  2407 | D:4      | Reached skill level 5 in Shields
  2440 | D:4      | Reached XP level 6. HP: 53/53 MP: 5/5
  2521 | D:4      | Found a bloodstained altar of Trog.
  2662 | D:4      | Noticed Menkaure
  2669 | D:4      | Killed Menkaure
  2669 | D:4      | Reached skill level 5 in Armour
  2671 | D:4      | Reached skill level 5 in Fighting
  3166 | D:4      | Found Guitedet's Weapon Boutique.
  3448 | D:4      | Found a staircase to the Ecumenical Temple.
  3540 | D:4      | Reached XP level 7. HP: 58/61 MP: 6/6
  3543 | D:5      | Entered Level 5 of the Dungeon
  3565 | D:5      | Reached * piety under Elyvilon
  3671 | D:5      | Reached skill level 6 in Shields
  4018 | D:5      | Reached skill level 5 in Axes
  4018 | D:5      | Reached skill level 1 in Throwing
  4285 | D:5      | Reached XP level 8. HP: 45/69 MP: 7/7
  4309 | D:5      | Found a burning altar of Makhleb.
  4882 | D:5      | Reached ** piety under Elyvilon
  4907 | D:5      | Found a stormy altar of Qazlal.
  5289 | D:6      | Found a stormy altar of Qazlal.
  5353 | D:6      | Reached skill level 7 in Shields
  5530 | D:6      | You fall through a shaft!
  6072 | D:7      | Noticed a two-headed ogre
  6076 | D:7      | Killed a two-headed ogre
  6076 | D:7      | Reached skill level 8 in Shields
  6343 | D:7      | Reached XP level 9. HP: 66/78 MP: 8/8
  6414 | D:7      | Reached skill level 5 in Dodging
  6967 | D:8      | Noticed Prince Ribbit
  7068 | D:8      | Killed Prince Ribbit
  7184 | D:8      | Noticed Gastronok
  7234 | D:8      | Killed Gastronok
  7234 | D:8      | Reached skill level 9 in Shields
  7234 | D:8      | Reached XP level 10. HP: 24/90 MP: 9/9
  7573 | D:8      | Reached *** piety under Elyvilon
  7810 | D:8      | Noticed Joseph
  7823 | D:8      | Killed Joseph
  8274 | D:9      | HP: 4/91 [poisoned by a killer bee]
  8312 | D:9      | Reached skill level 1 in Stealth
  8312 | D:9      | Reached skill level 10 in Shields
  8317 | D:9      | HP: 4/91 [poisoned by a queen bee]
  8319 | D:9      | HP: 1/91 [poisoned by a killer bee]
  8320 | D:9      | Succumbed to a killer bee's poison

Skill      XL: |  1  2  3  4  5  6  7  8  9 10 |
---------------+-------------------------------+-----
Shields        | 4 5 6 8 9 10 | 10.0
Fighting       | 4 5 6 8 9 |  9.2
Armour         | 4 5 6 7 8 |  8.7
Dodging        | 1 2 3 4 5 6 |  6.3
Axes           | 3 4 5 6 8 9 |  9.2
Throwing       | 1 |  1.1
Stealth        | 1 |  1.0
Invocations    | |  0.4

Action                   |  1- 3 |  4- 6 |  7- 9 | 10-12 || total
-------------------------+-------+-------+-------+-------++-------
Melee: War axe           |    77 |   118 |   309 |   109 ||   613
       Headbutt          |    11 |    13 |    59 |    14 ||    97
Throw: Tomahawk          |       |     1 |     2 |       ||     3
       Stone             |       |       |     1 |       ||     1
Invok: Heal Other        |       |       |     1 |       ||     1
       Lesser Healing    |       |       |       |     1 ||     1
  Use: Scroll            |       |     2 |     4 |     2 ||     8
       Potion            |       |     1 |     3 |     2 ||     6
 Stab: Invisible         |       |       |       |     4 ||     4
  Eat: Bread ration      |       |     1 |     1 |     1 ||     3
       Meat ration       |       |     1 |     1 |       ||     2
       Pizza             |       |       |     2 |       ||     2
Armor: Scale mail        |    37 |    28 |       |       ||    65
       Chain mail        |       |    36 |   142 |    16 ||   194
       Ring mail         |       |       |       |    29 ||    29
Dodge: Dodged            |    28 |    35 |    75 |    55 ||   193
Block: Shield            |    44 |    63 |   128 |    87 ||   322
       Large shield      |       |       |    77 |       ||    77
       Reflection        |       |       |     2 |     1 ||     3
